 Dungeon Sprint DCSS version 0.26-a0-660-gc07710193c (webtiles) character file.

Game seed: 17517817979171635840

263 sahdkjhfkaj the Transmogrifier (level 6, 0/38 HPs)
             Began as an Octopode Transmuter on Oct 5, 2020.
             Slain by a human
             ... wielding a +2 whip of freezing
              (2 damage)
             ... in the Dungeon (Sprint III: "The Ten Rune Challenge").
             The game lasted 00:01:46 (804 turns).

sahdkjhfkaj the Transmogrifier (Octopode Transmuter) Turns: 804, Time: 00:01:50

Health: 0/38       AC:  1    Str: 11    XL:     6   Next: 19%
Magic:  4/9        EV: 13    Int: 16    God:
Gold:   34         SH:  0    Dex: 12    Spells: 3/9 levels left

rFire    . . .     SeeInvis .     - Unarmed
rCold    . . .     Faith    .   (shield currently unavailable)
rNeg     . . .     Spirit   .   (helmet restricted)
rPois    .         Reflect  .   (no amulet)
rElec    .         Harm     .   (no ring)
rCorr    .         Rampage  .   (no ring)
MR       .....     NoTele   +   (no ring)
Stlth    ++........             (no ring)
HPRegen  0.12/turn              (no ring)
MPRegen  0.11/turn              (no ring)
                                (no ring)
                                (no ring)

@: blade tentacles
A: almost no armour, stealthy swim, amphibious, 8 rings, constrict 8, camouflage
1, gelatinous body 1
a: End Transformation


You were in the Dungeon.
You had blades for tentacles.
You visited 1 branch You collected 34 gold pieces.

Inventory:

Scrolls
 g - a scroll of blinking
 h - a scroll of holy word {unknown}
 i - a scroll of magic mapping {unknown}
 j - a scroll of enchant weapon {unknown}
 l - a scroll of torment {unknown}
 m - 2 scrolls of identify
 n - 2 scrolls of remove curse
Potions
 a - a potion of ambrosia {unknown}
 b - 2 potions of curing
 c - a potion of heal wounds
 d - a potion of haste
 e - 2 potions of magic
 k - a potion of flight {unknown}
 o - 5 potions of mutation


   Skills:
 - Level 1.0 Fighting
 - Level 2.0 Dodging
 - Level 8.3 Unarmed Combat
 - Level 2.0 Spellcasting
 + Level 9.9 Transmutations


You had 3 spell levels left.
You knew the following spells:

 Your Spells              Type           Power        Failure   Level
a - Beastly Appendage     Tmut           ####..       11%         1
A - Blade Hands           Tmut           ####......   45%         5

Your spell library contained the following spells:

 Spells                   Type           Power        Failure   Level
 Wereblood                Tmut           ####....     12%         2
 Spider Form              Tmut/Pois      ###.......   43%         3
 Ice Form                 Ice/Tmut       ###.....     69%         4


Dungeon Overview and Level Annotations

Branches:
Dungeon (1/1)

Altars:
Okawaru
Trog
Uskayaw
Wu Jian
Beogh


Innate Abilities, Weirdness & Mutations

You cannot wear most types of armour.
You are very stealthy in the water. (Stealth+)
You are amphibious.
You can wear up to eight rings at the same time.
You can use your tentacles to constrict eight enemies at once.
Your skin changes colour to match your surroundings (Stealth+).
Your rubbery body absorbs attacks. (AC +1, EV +1)


Message History

The human is moderately wounded.
The human hits you with a +2 whip of freezing!
The human freezes you.
You barely miss the human. Your grab misses the human. You squeeze the human!
The human is moderately wounded.
The human hits you with a +2 whip of freezing.
* * * LOW HITPOINT WARNING * * *
The human freezes you.
* * * LOW HITPOINT WARNING * * *
You slash the human! You grab the human.
The human is heavily wounded.
You constrict the human, but do no damage.
The human barely misses you.
You slash the human!
The human is severely wounded.
You constrict the human.
The human hits you with a +2 whip of freezing.
* * * LOW HITPOINT WARNING * * *
The human freezes you.
You die...

▓▓ ▓▓▓ .#### ##.# #####
....#####..# #___#
.....#..#..# #p_.#
##.).#..#..###+#@###+##
###..##'#..#..........#
.##..###...'.⌠........#
##..####...#...######+#
##..###....#.⌠.#
#...##.....#...#
....#......#+###
..##.#.....#
..#####....#


You could see a human (berserk).

Vanquished Creatures
  A water elemental (D)
  Jessica (D)
  2 humans (D)
  A wolf (D)
  2 oozes (D)
  A rat (D)
8 creatures vanquished.

Notes
Turn   | Place    | Note
-------+----------+-------------------------------------------
     0 | D        | sahdkjhfkaj the Octopode Transmuter began the quest for the
                  | Orb.
     0 | D        | Reached XP level 1. HP: 13/13 MP: 3/3
    28 | D        | Reached skill level 5 in Unarmed Combat
    28 | D        | Reached XP level 2. HP: 18/18 MP: 5/5
    56 | D        | Noticed Jessica
    62 | D        | Killed Jessica
    62 | D        | Reached XP level 3. HP: 20/23 MP: 4/6
   316 | D        | Reached XP level 4. HP: 11/28 MP: 4/7
   521 | D        | Noticed a water elemental
   529 | D        | Killed a water elemental
   529 | D        | Reached skill level 6 in Transmutations
   529 | D        | Reached XP level 5. HP: 13/33 MP: 5/8
   744 | D        | Learned a level 5 spell: Blade Hands
   796 | D        | Found a hide-covered altar of Uskayaw.
   796 | D        | Found a roughly hewn altar of Beogh.
   796 | D        | Found an iron altar of Okawaru.
   796 | D        | Found a bloodstained altar of Trog.
   796 | D        | Found an ornate altar of the Wu Jian Council.
   796 | D        | Noticed a human
   798 | D        | Killed a human
   798 | D        | Reached skill level 9 in Transmutations
   798 | D        | Reached XP level 6. HP: 38/38 MP: 3/9
   798 | D        | Noticed a human
   804 | D        | Slain by a human

Illustrated notes

Levels and vault maps discovered:
D:        dungeon_sprint_mu [sprint_mu_entry_cave, sprint_mu_temple_rooms,
          sprint_mu_d1_spiders, sprint_mu_d2_genie, sprint_mu_d3_branching,
          sprint_mu_orc_legion, sprint_mu_elf_gauntlet, sprint_mu_hive_nellie,
          sprint_mu_lair_fedhas, sprint_mu_vaults_butterflies,
          sprint_mu_slime_circle, sprint_mu_swamp_cave, sprint_mu_shoals_kraken,
          sprint_mu_blade_basic, sprint_mu_crypt_lich, sprint_mu_tomb_spiral,
          sprint_mu_vestibule_basic, sprint_mu_gehenna_hellfire,
          sprint_mu_dis_giant, sprint_mu_tartarus_statrot,
          sprint_mu_cocytus_islands, sprint_mu_zot1]

Skill      XL: |  1  2  3  4  5 |
---------------+----------------+-----
Unarmed Combat | 5 7 8 |  8.3
Transmutations | 6 9 |  9.9
Fighting       | |  1.0
Dodging        | |  2.0
Spellcasting   | |  2.0

Action                   |  1- 3 |  4- 6 || total
-------------------------+-------+-------++-------
Melee: Unarmed           |    19 |    10 ||    29
       Kick              |     4 |     1 ||     5
       Constrict         |     3 |     2 ||     5
       Tentacles         |     2 |     1 ||     3
       Punch             |     1 |       ||     1
 Cast: Beastly Appendage |     4 |     1 ||     5
       Blade Hands       |       |     1 ||     1
  Use: Potion            |       |     1 ||     1
 Stab: Sleeping          |     1 |       ||     1
Dodge: Dodged            |     5 |     2 ||     7

Table legend: (Time is in decaauts)
 A = Elapsed time spent in this place.
 B = Non-inter-level travel time spent in this place.
 C = Inter-level travel time spent in this place.
 D = Time resting spent in this place.
 E = Time spent auto-exploring this place.
 F = Levels seen in this place.
 G = Mean time per level.
                   A        B        C        D        E       F      G
               +--------+--------+--------+--------+--------+-----+--------+
         Total |    808 |    808 |      0 |    657 |     39 |   1 |  808.0 |
       Dungeon |    808 |    808 |      0 |    657 |     39 |   1 |  808.0 |
               +--------+--------+--------+--------+--------+-----+--------+

Top non-repeatable levels by time:
       D: 808 daAuts
